Map: Dreamcatcher LE

Players

Nerchio

  • Race: Zerg Zerg
  • Spawn Location: 11:00

Lambo - Winner!

  • Race: Zerg Zerg
  • Spawn Location: 5:00

Event: WCS Austin 2018

VOD

Have the link to the VOD?

Description

Time

  • Played on: June 3, 2018, 1:26 p.m.
  • Length: 6:19

All games in this series

Show
View Real Time Build Order
Export as new Build Order

Nerchio Zerg 

Build Orders: Hatch First 

Get SALT Encoding   

  12  0:00  Drone  
  13  0:12  Overlord  
  13  0:17  Drone  
  14  0:30  Drone x2  
  16  0:48  Hatchery  
  15  0:51  Drone  
  15  0:55  Drone  
  17  0:59  Drone  
  18  1:07  Extractor  
  17  1:15  Spawning Pool  
  17  1:18  Drone  
  17  1:21  Drone  
  18  1:27  Drone  
  19  1:41  Overlord  
  19  1:49  Drone  
  20  2:01  Queen  
  20  2:02  Queen, Zergling x2  
  20  2:07  Metabolic Boost  
  25  2:11  Zergling x2  
  25  2:14  Drone  
  27  2:17  Drone  
  27  2:21  Drone  
  29  2:23  Drone  
  29  2:29  Baneling Nest  
  29  2:32  Drone  
  30  2:37  Drone  
  31  2:52  Hatchery  
  31  2:54  Zergling x2  
  31  2:58  Overlord  
  31  3:01  Zergling x2  
  31  3:03  Zergling x2  
  33  3:05  Zergling x2  
  33  3:08  Zergling x2  
  33  3:11  Zergling x2  
  36  3:17  Zergling x6  
  39  3:20  Baneling x2  
  39  3:21  Baneling  
  39  3:22  Baneling  
  39  3:26  Zergling x2  
  41  3:27  Zergling x2  
  41  3:34  Zergling x4  
  42  3:35  Zergling x2  
  44  3:41  Overlord  
  44  3:42  Baneling x2  
  44  3:48  Zergling x2  
  44  3:50  Zergling x2  
  44  3:53  Zergling x4  
  44  3:56  Overlord  
  44  4:00  Zergling x2  
  44  4:01  Zergling x2  
  45  4:04  Zergling x4  
  43  4:10  Zergling x4  
  43  4:12  Zergling x2  
  42  4:19  Drone x2  
  42  4:21  Drone x2  
  44  4:26  Drone x2  
  44  4:29  Drone  
  46  4:34  Evolution Chamber  
  46  4:35  Drone  
  46  4:43  Zergling x2  
  46  4:44  Zergling x6  
  50  4:48  Zergling x4  
  50  4:50  Zergling x2  
  53  5:02  Zergling x6  
  53  5:03  Zergling x2  
  53  5:05  Zergling x2  
  58  5:07  Zergling x2  
  58  5:10  Overlord  
  59  5:16  Overlord  
  59  5:20  Overlord  
  59  5:26  Zergling x8  
  59  5:28  Zergling x2  
  63  5:31  Zergling x4  
  63  5:33  Zergling x2  
  66  5:38  Zergling x4  
  66  5:41  Zergling x4  
  70  5:43  Baneling x2  
  70  5:44  Baneling  
  70  5:45  Baneling  
  70  5:47  Zergling x2  
  71  5:50  Zergling x2  
  71  5:55  Zergling x6  
  74  5:57  Zergling x2  
  74  5:59  Baneling  
  74  6:00  Baneling x2  
Show
View Real Time Build Order
Export as new Build Order

Lambo Zerg - Winner!

Build Orders: Hatch First 

Get SALT Encoding   

  12  0:00  Drone  
  13  0:12  Overlord  
  13  0:17  Drone  
  14  0:31  Drone x2  
  16  0:47  Hatchery  
  15  0:51  Drone  
  15  0:54  Drone  
  17  0:58  Drone  
  18  1:08  Extractor  
  17  1:12  Spawning Pool  
  17  1:16  Drone  
  17  1:19  Drone  
  18  1:27  Drone  
  19  1:38  Drone  
  20  1:50  Overlord  
  20  1:59  Queen x2  
  20  2:00  Drone x2  
  26  2:10  Drone  
  26  2:11  Drone  
  28  2:21  Drone  
  29  2:23  Drone  
  30  2:32  Overlord  
  30  2:35  Queen  
  30  2:36  Lair  
  32  2:38  Drone  
  32  2:42  Drone  
  32  2:43  Evolution Chamber  
  33  2:44  Drone  
  33  2:47  Extractor  
  33  2:55  Roach Warren  
  33  2:56  Drone  
  33  3:00  Drone  
  33  3:05  Drone x2  
  36  3:08  Drone  
  36  3:12  Zerg Missile Weapons Level 1  
  37  3:15  Drone  
  38  3:20  Overlord  
  38  3:27  Queen  
  38  3:30  Overlord  
  40  3:37  Roach x2  
  40  3:40  Roach x2  
  48  3:44  Roach  
  50  3:50  Evolution Chamber  
  50  3:53  Roach x2  
  51  3:59  Roach x2  
  51  4:01  Evolution Chamber  
  51  4:03  Roach  
  51  4:06  Ravager  
  53  4:10  Roach  
  53  4:19  Evolution Chamber  
  53  4:23  Glial Reconstitution  
  52  4:28  Roach  
  54  4:33  Roach  
  54  4:36  Roach  
  54  4:37  Overlord  
  59  4:40  Overlord  
  59  4:53  Overlord  
  59  4:55  Roach x3  
  59  4:56  Roach  
  59  4:59  Roach  
  69  5:05  Roach  
  71  5:08  Roach  
  71  5:10  Overlord  
  71  5:13  Roach  
  75  5:17  Roach  
  77  5:30  Roach x2  
  77  5:32  Evolution Chamber  
  77  5:35  Roach  
  82  5:37  Overlord  
  82  5:40  Roach x2  
  86  5:45  Overlord  
  86  5:48  Roach  
  88  5:57  Roach x2  
Tags
 
Add a new tag
Caveats
  • Supply blocks, unpowered buildings, or Contaminate may cause inaccurate times.
  • Supply counts are checked every 10 seconds.